 Dungeon Crawl Stone Soup version 0.29-a0-322-g68df515428 (webtiles) character file.

Game seed: 4091988746595156514

219 Ajdolov the Magician (level 6, 0/46 HPs)
             Began as a Djinni Conjurer on Apr 6, 2022.
             Killed by divine providence
             ... invoked by an orc priest
              (15 damage)
             ... on level 4 of the Dungeon.
             The game lasted 00:03:58 (3913 turns).

Ajdolov the Magician (Djinni Conjurer)              Turns: 3913, Time: 00:03:59

Health: 0/46       AC:  3    Str:  6    XL:     6   Next: 17%
Gold:   186        EV: 12    Int: 22    God:
                   SH:  0    Dex: 11

rFire   + + .      SeeInvis .   o - +2 short sword (speed)
rCold   x . .      Faith    .   (no shield)
rNeg    . . .      Spirit   .   a - +0 robe
rPois   ∞          Reflect  .   (no helmet)
rElec   .          Harm     .   (no cloak)
rCorr   .          Rampage  .   g - +0 pair of gloves
Will    .....                   (boots unavailable)
Stlth   ++........              (no amulet)
HPRegen 0.15/turn               (no ring)
MPRegen 0.00/turn               (no ring)

@: flying
A: sickness immunity, fire resistance 2, cold vulnerability 1, float, innate
caster, HP casting, extra vitality 1
a: no special abilities


You were on level 4 of the Dungeon.
You visited 1 branch of the dungeon, and saw 4 of its levels.

You collected 186 gold pieces.

Inventory:

Hand Weapons
 o - a +2 short sword of speed (weapon)
Armour
 a - a +0 robe (worn)
 g - a +0 pair of gloves (worn)
Jewellery
 s - a +6 ring of strength
Scrolls
 b - 4 scrolls of identify {unknown}
 d - a scroll of enchant armour {unknown}
 h - a scroll of vulnerability {unknown}
 i - a scroll of noise {unknown}
 j - 2 scrolls of torment {unknown}
 n - a scroll of fear {unknown}
 p - 2 scrolls of fog {unknown}
Potions
 c - a potion of invisibility {unknown}
 e - 3 potions of mutation {unknown}
 f - 2 potions of curing {unknown}
 k - a potion of attraction {unknown}
 l - a potion of berserk rage {unknown}
 m - a potion of resistance {unknown}
 q - a potion of haste {unknown}
 r - a potion of flight {unknown}


   Skills:
 + Level 3.0 Fighting
 - Level 2.1 Dodging
 - Level 1.5 Stealth
 * Level 4.8 Spellcasting


You couldn't memorise any spells.
You knew the following spells:

 Your Spells              Type           Power      Damage    Failure   Level
a - Magic Dart            Conj           100%       1d8       1%          1
b - Searing Ray           Conj           52%        2d6       1%          2
c - Dazzling Flash        Conj/Hex       52%        N/A       4%          3
d - Fulminant Prism       Conj/Hex       13%        3d9       14%         4
e - Iskenderun's Mystic   Conj/Tloc      26%        2d7       14%         4
f - Pain                  Necr           100%       1d9       1%          1
g - Passwall              Tmut/Erth      21%        N/A       1%          2
Your spell library was empty.

Dungeon Overview and Level Annotations

Branches:
Dungeon (4/15)             Temple (0/1) D:4

Altars:


Innate Abilities, Weirdness & Mutations

You are immune to sickness and miasma.
You are immune to poison.
Your flesh is very heat resistant. (rF++)
You are vulnerable to cold. (rC-)
You float through the air rather than walking.
You learn spells naturally, not from books.
Your magical power is your life essence.
You have superior vitality. (+4 MHP)


Message History

Press: ? - help, Shift-Dir - straight line, f - orc priest, p - iguana
Aim: an orc priest, wielding a +0 dagger and wearing a +0 scale mail (82% to hit)
The searing ray hits the iguana.
The iguana is almost dead.
The searing ray hits the orc priest.
The orc priest is lightly wounded. (Press . to maintain the ray.)
The iguana closely misses you.
The searing ray hits the iguana.
The iguana is almost dead.
The searing ray misses the orc priest.
The iguana misses you.
The orc priest mumbles some strange prayers to Beogh against you.
Beogh smites you!
Unknown command.
The searing ray hits the iguana!
You kill the iguana!
The searing ray hits the orc priest but does no damage.
The orc priest is lightly wounded.
Your Fighting skill increases to level 3!
Unknown command.
The searing ray hits the orc priest.
The orc priest is moderately wounded.
You finish channelling your searing ray.
Unknown command.
You are too injured to fight recklessly!
Unknown command.
Casting: Searing Ray (safe; 1% risk of failure)
Confirm with . or Enter, or press ? or * to list all spells.
Aiming: Searing Ray (safe; 1% risk of failure)
Press: ? - help, Shift-Dir - straight line, f/p - orc priest
Aim: an orc priest, wielding a +0 dagger and wearing a +0 scale mail (moderately wounded, 82% to hit)
The searing ray hits the orc priest!
The orc priest is severely wounded. (Press . to maintain the ray.)
The orc priest begins to cast a cantrip, but forgets the words!
The searing ray hits the orc priest.
The orc priest is almost dead.
The orc priest invokes the aid of Beogh against you.
Beogh smites you!
You die...

.# #######
##....###########
'......##.....#.##
#......##.....#..#
#.....###.....#..#
##....#.'..>..'..#
###'###.#.....#..#
........#.....#.@#
........#.....#.#o......
......#########.#.......
......# ..##......
......# #..# ....##
......# #..# ....#
......# #... ...#
##....# #.. ...#...
##....# ...


You could see an orc priest.

Vanquished Creatures
  An ogre (D:4)
  An iguana (D:4)
  4 adders
  An ufetubus (D:4)
  A dart slug (D:1)
  3 orcs (D:3)
  6 bats
  5 endoplasms
  6 giant cockroaches
  7 goblins
  7 hobgoblins
  4 kobolds
  2 quokkas
  6 ball pythons
  4 frilled lizards
  4 rats
62 creatures vanquished.

Vanquished Creatures (others)
  A fungus (D:2)
1 creature vanquished.

Grand Total: 63 creatures vanquished

Notes
Turn   | Place    | Note
-------+----------+-------------------------------------------
     0 | D:1      | Ajdolov the Djinni Conjurer began the quest for the Orb.
     0 | D:1      | Reached XP level 1. HP: 15/15 MP: 0/0
   153 | D:1      | Reached XP level 2. HP: 11/22 MP: 0/0
   692 | D:1      | Reached skill level 1 in Fighting
   838 | D:1      | Reached XP level 3. HP: 25/27 MP: 0/0
   838 | D:1      | Learned a level 1 spell: Pain
  1681 | D:2      | Reached skill level 4 in Spellcasting
  1681 | D:2      | Reached XP level 4. HP: 29/33 MP: 0/0
  1861 | D:2      | Found a faded altar of an unknown god.
  3647 | D:4      | Reached XP level 5. HP: 30/38 MP: 0/0
  3647 | D:4      | Learned a level 2 spell: Passwall
  3720 | D:4      | Noticed an ogre
  3726 | D:4      | Killed an ogre
  3890 | D:4      | Found a staircase to the Ecumenical Temple.
  3902 | D:4      | Reached XP level 6. HP: 43/45 MP: 0/0
  3913 | D:4      | Killed from afar by an orc priest

Illustrated notes

Levels and vault maps discovered:
D:1:      dpeg_arrival_solitude, layout_basic, minmay_3d_cube
D:2:      layout_basic, shapermc_ecumenical_altar_mp_urbaneastern
D:3:      layout_basic
D:4:      layout_gridville, temple_green, cheibrodos_sewer_entry_bend

Skill      XL: |  1  2  3  4  5  6 |
---------------+-------------------+-----
Fighting       | 1 2 3 |  3.0
Spellcasting   | 4 |  4.8
Dodging        | |  2.1
Stealth        | |  1.5

Action                   |  1- 3 |  4- 6 || total
-------------------------+-------+-------++-------
Melee: Short sword       |       |     1 ||     1
 Cast: Magic Dart        |    61 |    67 ||   128
       Searing Ray       |     1 |     7 ||     8
       Dazzling Flash    |       |     3 ||     3
Armor: Robe              |     5 |     3 ||     8
Dodge: Dodged            |    12 |    12 ||    24

Table legend: (Time is in decaauts)
 A = Elapsed time spent in this place.
 B = Non-inter-level travel time spent in this place.
 C = Inter-level travel time spent in this place.
 D = Time resting spent in this place.
 E = Time spent auto-exploring this place.
 F = Levels seen in this place.
 G = Mean time per level.
                   A        B        C        D        E       F      G
               +--------+--------+--------+--------+--------+-----+--------+
         Total |   3913 |   3785 |    128 |    337 |   3079 |   4 |  978.2 |
       Dungeon |   3913 |   3785 |    128 |    337 |   3079 |   4 |  978.2 |
               +--------+--------+--------+--------+--------+-----+--------+

Top non-repeatable levels by time:
     D:3: 1260 daAuts
     D:1: 1156 daAuts
     D:2: 1148 daAuts
     D:4: 348 daAuts
